 Dungeon Crawl Stone Soup version 0.32-a0-791-gfc315c9ecd (webtiles) character file.

Game seed: 6164107052688115580

5773 ytrimaz the Summoner (level 10, -8/56 HPs)
             Began as an Octopode Summoner on Mar 20, 2024.
             Was an Initiate of Ashenzari.
             Mangled by a wyvern (10 damage)
             ... on level 9 of the Dungeon.
             The game lasted 00:18:03 (11762 turns).

ytrimaz the Summoner (Octopode Summoner)           Turns: 11762, Time: 00:18:03

Health: -8/56      AC:  1    Str:  8    XL:     10   Next: 78%
Magic:  9/16       EV: 16    Int: 21    God:    Ashenzari [......]
Gold:   756        SH:  0    Dex: 19    Spells: 4/17 levels left

rFire   + . .        h - staff of air
rCold   . . .        (no shield)
rNeg    . . .        (helmet restricted)
rPois   .            (no amulet)
rElec   +            j - ring of flight
rCorr   .            s - +6 ring of dexterity
SInv    .            d - ring of protection from fire
Will    .....        (no ring)
Stlth   +++          (no ring)
HPRegen 0.29/turn    (no ring)
MPRegen 0.15/turn    (no ring)
                     (no ring)

%: no passive effects
@: flying, inugami summoned
A: almost no armour, amphibious, 8 rings, camouflage 1, gelatinous body 1,
(nimble swimmer 1), tentacles
a: Renounce Religion


You were on level 9 of the Dungeon.
You worshipped Ashenzari.
Ashenzari was noncommittal.
You visited 2 branches of the dungeon, and saw 10 of its levels.
You also visited: Bailey.

You collected 840 gold pieces.
You spent 84 gold pieces at shops.


Innate Abilities, Weirdness & Mutations

You cannot wear most types of armour.
You are amphibious.
You can wear up to eight rings at the same time.
Your skin changes colour to match your surroundings (Stealth+).
Your rubbery body absorbs attacks. (AC +1, EV +1)
((You are camouflaged when in or above water. (Stealth+)))
You have tentacles for arms and can constrict up to eight enemies at once.


   Skills:
 + Level 6.2 Dodging
 - Level 2.6 Stealth
 - Level 4.0 Spellcasting
 + Level 13.8 Summonings
 - Level 3.0 Fire Magic
 - Level 3.0 Air Magic


You had 4 spell levels left.
You knew the following spells:

 Your Spells              Type           Power      Damage    Failure   Level
a - Call Imp              Summ           100%       N/A       1%          2
b - Call Canine Familiar  Summ           58%        N/A       1%          3
c - Summon Blazeheart Go  Fire/Summ      39%        N/A       3%          4
d - Summon Lightning Spi  Summ/Air       56%        N/A       3%          4

Your spell library contained the following spells:

 Spells                   Type           Power      Damage    Failure   Level
 Summon Small Mammal      Summ           100%       N/A       1%          1
 Static Discharge         Conj/Air       30%        3-5/arc   10%         2
 Apportation              Tloc           8%         N/A       12%         1
 Necrotise                Necr           16%        1d4       12%         1
 Sting                    Conj/Alch      16%        1d4       12%         1
 Sublimation of Blood     Necr           4%         N/A       19%         2
 Sigil of Binding         Hex            4%         N/A       34%         3
 Airstrike                Air            12%        2d(2-18)  34%         4
 Dimensional Bullseye     Hex/Tloc       2%         N/A       75%         4
 Summon Hydra             Summ           29%        N/A       34%         7

Inventory:

Magical Staves
 h - a staff of air (weapon)
   (You found it on level 1 of the Dungeon)
Jewellery
 d - a ring of protection from fire (on tentacle)
   (You found it on level 7 of the Dungeon)
 j - a ring of flight (left tentacle)
   (You found it on level 2 of the Dungeon)
 s - a +6 ring of dexterity (right tentacle)
   (You found it on level 4 of the Dungeon)
 w - an amulet of faith
   (You found it on level 7 of the Dungeon)
Wands
 q - a wand of warping (7) (quivered)
   (You found it on level 4 of the Dungeon)
 r - a wand of mindburst (5)
   (You found it on level 5 of the Dungeon)
 v - a wand of digging (7)
   (You found it on level 6 of the Dungeon)
Scrolls
 b - 2 scrolls of immolation
 i - a scroll of poison
 m - 5 scrolls of teleportation
 t - 2 scrolls of blinking
 y - 3 scrolls of identify
Potions
 a - 3 potions of magic
 c - 2 potions of mutation
 e - 2 potions of resistance
 f - a potion of heal wounds
 g - a potion of ambrosia {unknown}
 k - 2 potions of lignification
 l - 2 potions of curing
 n - 2 potions of berserk rage
 o - a potion of brilliance {unknown}
 p - a potion of cancellation {unknown}
 u - a potion of might {unknown}
 x - 2 potions of invisibility {unknown}

Dungeon Overview and Level Annotations

Branches:
Dungeon (9/15) Zot: 26806  Temple (1/1) D:5 Zot: 5980  Bailey (visited)
   Lair: D:8-11         Orc: D:9-12

Altars:
Ashenzari
Cheibriados
Dithmenos
Elyvilon
Fedhas
Gozag
Kikubaaqudgha
Makhleb
Nemelex Xobeh
Okawaru
Qazlal
Ru
Sif Muna
Trog
Wu Jian
Xom
Yredelemnul
Zin
The Shining One

Shops:
D:2 ! D:3

:
#######
#....$#
#.....+
#...h@#
#...k.#
#....I#
#.....#
..###...
#. #$..
# #...
#....


You could see a wyvern (ally target), a friendly lightning spire (summoned) and
a friendly inugami (summoned).


Message History

😨 MP[+1]
Your blazeheart golem's core grows cold and it stops moving. 😨 HP[+1]
What are your orders? t - Shout!
Orders for allies: a - Attack new target. r - Retreat! s - Stop attacking. g - Guard the area. f - Follow me.
Anything else - Cancel.
Gang up on whom?
Press: ? - help, Dir - move target, f - Pikel
Aim: Pikel, wielding a +0 whip of freezing and wearing a +0 robe (lightly wounded, ally target) Attack!
Your lightning spire shoots out a bolt of lightning at Pikel!
The bolt of electricity hits Pikel! 😮 HP[+1] Unknown command.
You closely miss Pikel. Your grab misses Pikel. You squeeze Pikel.
Pikel misses you.
Your inugami hits Pikel. 😮 MP[+1] Unknown command.
What are your orders? t - Shout!
Orders for allies: a - Attack new target. p - Attack previous target. r - Retreat! s - Stop attacking. g - Guard the area. f - Follow me.
Anything else - Cancel.
Gang up on whom?
Press: ? - help, Dir - move target, f/p - Pikel
Aim: Pikel, wielding a +0 whip of freezing and wearing a +0 robe (moderately wounded, ally target) Attack!
Pikel hits you with a +0 whip of freezing!
* * * LOW HITPOINT WARNING * * *
Pikel freezes you.
* * * LOW HITPOINT WARNING * * *
Your inugami hits Pikel but does no damage. 😨 HP[-9]
You take 9 damage, and now have 20/56 hp.
Unknown command.
You hit Pikel. Your grab misses Pikel.
Pikel hits you with a +0 whip of freezing.
* * * LOW HITPOINT WARNING * * *
Pikel freezes you.
* * * LOW HITPOINT WARNING * * *
Your inugami hits Pikel.
Unknown command. 😨 HP[-5]
You take 5 damage, and now have 15/56 hp.
Unknown command.
Pikel hits your lightning spire but does no damage.
Your inugami hits Pikel!
Pikel hits your lightning spire but does no damage.
Your inugami completely misses Pikel.
Pikel hits your lightning spire but does no damage.
Your inugami hits Pikel!
Pikel dies!
Your Dodging skill increases to level 6! 😨 HP[+1]
Your lightning spire disappears in a puff of smoke!
Your blazeheart golem disappears in a puff of smoke!
Your inugami disappears in a puff of smoke!
Key pressed, stopping explore.
Things that are here:
a +0 whip of freezing; a +0 robe; 😎 HP[+40] MP[+11]
Your hp is fully restored (56).
Your mp is fully restored (16).
Done exploring.
Done exploring.
Done exploring.
There is a stone staircase leading down here.
You fly downwards.
The wyvern closely misses you. The wyvern bites you!
There is a stone staircase leading up, spattered with blood here. 😕 HP[-10]
You take 10 damage, and now have 46/56 hp.
Casting: Summon Lightning Spire (dangerous; 3% risk of failure)
Confirm with . or Enter, or press ? or * to list all spells.
You call for your canine familiar and it appears with a howl!
The wyvern bites you.
The wyvern barely misses you. 😮 HP[-6] MP[-3]
You take 6 damage, and now have 40/56 hp.
You lost 3 mp, and now have 13/16 mp.
Unknown command.
Casting: Call Canine Familiar (safe; 1% risk of failure)
Confirm with . or Enter, or press ? or * to list all spells.
You feel a surge of power!
An electric hum fills the air.
The wyvern closely misses you. 😮 HP[+1] MP[-4]
You lost 4 mp, and now have 9/16 mp.
Unknown command.
You closely miss the wyvern. The wyvern bites you!
* * * LOW HITPOINT WARNING * * *
The wyvern bites you!
* * * LOW HITPOINT WARNING * * *
😱 HP[-27]
You take 27 damage, and now have 14/56 hp.
MASSIVE DAMAGE!! (PAUSE)
You hit the wyvern but do no damage. You squeeze the wyvern!
The wyvern bites you!
* * * LOW HITPOINT WARNING * * *
Your inugami barely misses the wyvern.
The wyvern bites you!
You die...

Skill      XL: |  1  2  3  4  5  6  7  8  9 10 |
---------------+-------------------------------+-----
Spellcasting   | 3 4 |  4.0
Summonings     | 5 6 8 10 12 13 | 13.8
Fire Magic     | 2 3 |  3.0
Air Magic      | 2 3 |  3.0
Dodging        | 3 6 |  6.2
Stealth        | |  2.6

Action                     |  1- 3 |  4- 6 |  7- 9 | 10-12 || total
---------------------------+-------+-------+-------+-------++-------
  Melee: Unarmed           |    19 |       |       |       ||    19
         Constrict         |    12 |    12 |    19 |    11 ||    54
         Tentacles         |    12 |     8 |    18 |    19 ||    57
         Staff             |    16 |    34 |    54 |    46 ||   150
   Cast: Summon Small Mamm |    34 |    13 |    13 |       ||    60
         Call Imp          |    10 |     9 |    18 |     3 ||    40
         Call Canine Famil |       |    22 |    51 |    18 ||    91
         Summon Blazeheart |       |       |     7 |    19 ||    26
         Summon Lightning  |       |       |     5 |    12 ||    17
  Evoke: Wand              |       |       |     7 |       ||     7
    Use: Scroll            |       |     6 |     9 |     1 ||    16
         Potion            |       |       |     4 |     2 ||     6
   Stab: Sleeping          |     1 |     2 |       |     1 ||     4
         Distracted        |     1 |     1 |       |       ||     2
 Armour: Skin              |    32 |    32 |    71 |    45 ||   180
  Dodge: Dodged            |    36 |    28 |    59 |    34 ||   157

Levels and vault maps discovered:
D:1:      nicolae_arrival_memento_mori, layout_basic,
          dreamdust_ecumenical_altar_hidden_monk_grotto, serial_bayou_ford_a,
          nicolae_houndstooth_variations
D:2:      minmay_chambers_of_ones, layout_basic, serial_shops, shop,
          serial_glass, glass_columns_c, glass_columns_a,
          chequers_serial_rivers_micro_a, uniq_natasha
D:3:      layout_basic, serial_shops, shop, uniq_sigmund
D:4:      layout_loops_ring, nicolae_overflow_hidden_temple, nrook_uturn,
          st_stairs_3, serial_bayou_pond_c, uniq_menkaure, uniq_duvessa
D:5:      layout_loops_ring, nzn_wu_jian_contemplation,
          minmay_temple_entry_sparse_star
D:6:      minmay_chambers_of_sixes, layout_loops_ring,
          hangedman_minor_gate_pass, uniq_blork_the_orc
D:7:      layout_loops_ring, enter_bailey_2
D:8:      layout_loops_ring, nicolae_overflow_quartered_altars
D:9:      layout_gridville, hellmonk_lair_entry_icy, uniq_pikel,
          uniq_prince_ribbit1
Temple:   cyrus_circular_temple

Notes
Turn   | Place    | Note
-------+----------+-------------------------------------------
     0 | D:1      | ytrimaz the Octopode Summoner began the quest for the Orb.
     0 | D:1      | Reached XP level 1. HP: 11/11 MP: 3/3
     0 | D:1      | magus.rc [v1.9.6]
   410 | D:1      | Reached XP level 2. HP: 17/17 MP: 3/5
   413 | D:1      | Learned a level 2 spell: Call Imp
   520 | D:1      | You pick up a book of Blood and begin reading...
   520 | D:1      | You add the spells Sublimation of Blood and Summon Hydra to
                  | your library.
  1003 | D:1      | You pick up a book of Cantrips and begin reading...
  1003 | D:1      | You add the spells Sting, Necrotise and Apportation to your
                  | library.
  1062 | D:1      | Found a faded altar of an unknown god.
  1768 | D:2      | HP: 3/17 [kobold/+0 short sword (4)]
  1769 | D:2      | Reached XP level 3. HP: 3/21 MP: 1/7
  1910 | D:2      | Learned a level 3 spell: Call Canine Familiar
  1953 | D:2      | Found Picient's Distillery.
  1957 | D:2      | Bought a potion of lignification for 42 gold pieces
  1957 | D:2      | Bought a potion of curing for 42 gold pieces
  2128 | D:2      | Noticed Natasha
  2141 | D:2      | HP: 5/21 [cerulean imp/+1 spear[Natasha] (5)]
  2141 | D:2      | Killed Natasha
  2142 | D:2      | Reached skill level 3 in Spellcasting
  2142 | D:2      | Reached XP level 4. HP: 6/27 MP: 4/8
  2360 | D:2      | Reached skill level 5 in Summonings
  2487 | D:2      | Noticed Natasha
  2501 | D:2      | Killed Natasha
  2657 | D:3      | Reached XP level 5. HP: 24/31 MP: 4/10
  2727 | D:3      | Found Teira's Book Shop.
  2939 | D:3      | You pick up a book of Storms and begin reading...
  2939 | D:3      | You add the spells Static Discharge and Airstrike to your
                  | library.
  2975 | D:3      | Learned a level 4 spell: Summon Blazeheart Golem
  3429 | D:3      | You pick up a book of the Hunter and begin reading...
  3429 | D:3      | You add the spells Sigil of Binding and Dimensional
                  | Bullseye to your library.
  3448 | D:3      | Noticed Sigmund
  3482 | D:3      | Killed Sigmund
  3483 | D:3      | Reached skill level 4 in Spellcasting
  3483 | D:3      | Reached skill level 6 in Summonings
  3483 | D:3      | Reached XP level 6. HP: 36/36 MP: 5/12
  3875 | D:4      | Noticed a black bear
  3885 | D:4      | Killed a black bear
  3886 | D:4      | Reached skill level 1 in Fire Magic
  4333 | D:4      | Reached skill level 2 in Fire Magic
  4333 | D:4      | Reached XP level 7. HP: 31/41 MP: 8/13
  4408 | D:4      | Reached skill level 7 in Summonings
  4669 | D:4      | Noticed Menkaure
  4685 | D:4      | Killed Menkaure
  4842 | D:4      | Noticed Duvessa
  4845 | D:4      | Noticed Dowan
  4882 | D:4      | HP: 10/41 [Duvessa/+2 short sword of protection (9)]
  4896 | D:4      | Killed Duvessa
  4897 | D:4      | Reached skill level 8 in Summonings
  5027 | D:4      | HP: 8/36 [Dowan/+2 dagger of draining (5)]
  5027 | D:4      | Killed Dowan
  5244 | D:4      | Found a sacrificial altar of Ru.
  5342 | D:5      | Entered Level 5 of the Dungeon
  5462 | D:5      | Found an ornate altar of the Wu Jian Council.
  5489 | D:5      | Reached XP level 8. HP: 33/44 MP: 10/14
  5607 | D:5      | Found a staircase to the Ecumenical Temple.
  5663 | Temple   | Entered the Ecumenical Temple
  5745 | D:5      | Reached skill level 9 in Summonings
  6280 | D:6      | Noticed Blork the orc
  6291 | D:6      | Killed Blork the orc
  6292 | D:6      | Reached skill level 3 in Fire Magic
  6553 | D:6      | Reached skill level 10 in Summonings
  6639 | D:6      | HP: 10/46 [gnoll/+2 heavy spear (13)]
  6645 | D:6      | HP: 7/46 [gnoll/+0 whip (9)]
  6998 | D:6      | Learned a level 4 spell: Summon Lightning Spire
  7045 | D:6      | HP: 11/46 [iguana (14)]
  7046 | D:6      | HP: 2/46 [iguana (9)]
  7059 | D:6      | Reached XP level 9. HP: 16/51 MP: 9/15
  7114 | D:6      | Reached skill level 11 in Summonings
  7443 | D:6      | HP: 10/51 [acid (11)]
  7872 | D:6      | Noticed a gargoyle
  8175 | D:6      | Killed a gargoyle
  8176 | D:6      | Reached skill level 12 in Summonings
  8716 | D:7      | HP: 10/51 [gnoll/+0 halberd[a gnoll bouda] (14)]
  8908 | D:7      | Found a flagged portal.
  8914 | Bailey   | Entered a bailey
  8936 | Bailey   | Reached skill level 1 in Air Magic
  9022 | Bailey   | Noticed an orc knight
  9049 | Bailey   | HP: 9/51 [orc knight/+0 war axe (13)]
  9061 | Bailey   | Reached skill level 3 in Dodging
  9061 | Bailey   | Reached skill level 2 in Air Magic
  9063 | Bailey   | Reached XP level 10. HP: 20/56 MP: 0/16
  9075 | Bailey   | Found a burning altar of Makhleb.
  9196 | D:7      | Identified the +8 hand axe of Etiriffi {freeze, rPois Str+2
                  | Dex+2}
  9206 | D:7      | Reached skill level 13 in Summonings
  9532 | D:7      | Reached skill level 3 in Air Magic
  9749 | D:7      | Reached skill level 4 in Dodging
 10513 | D:8      | Noticed a two-headed ogre
 10587 | D:8      | Killed a two-headed ogre
 10588 | D:8      | Reached skill level 5 in Dodging
 11110 | D:8      | Found a stormy altar of Qazlal.
 11192 | D:8      | Found a broken altar of Ashenzari.
 11205 | D:8      | Found a bloodstained altar of Trog.
 11215 | D:8      | Became a worshipper of Ashenzari the Shackled
 11496 | D:8      | Found a sparkling altar of Nemelex Xobeh.
 11571 | D:9      | Noticed Pikel
 11605 | D:8      | Killed Pikel
 11606 | D:8      | Reached skill level 6 in Dodging
 11761 | D:9      | HP: 14/56 [wyvern (13)]
 11762 | D:9      | HP: 2/56 [wyvern (12)]
 11762 | D:9      | Mangled by a wyvern

Vanquished Creatures
  A gargoyle (D:6)
  Duvessa (D:4)
  4 orc warriors
  A kobold brigand (D:8)
  A bullfrog (D:6)
  A nameless horror (D:7)
  3 scorpions
  A wight (D:7)
  A howler monkey (D:8)
  A jelly (D:5)
  An orc priest (D:6)
  A sleepcap (D:7)
  An orc wizard (D:7)
  A gnoll (D:6)
  2 adders
  2 white imps
  A ribbon worm (D:2)
  6 orcs
  6 endoplasms
  A giant cockroach (D:2)
  A goblin (D:3)
  5 hobgoblins
  3 jackals (D:2)
  5 ball pythons
  3 bats
  A frilled lizard (D:2)
  7 kobolds
62 creatures vanquished.

Vanquished Creatures (collateral kills)
  A two-headed ogre (D:8)
  Pikel (D:8)
  A hornet (D:8)
  Sigmund (D:3)
  A wyvern (D:8)
  A steam dragon (D:8)
  Menkaure (D:4)
  2 water moccasins (D:6)
  An ice beast (D:6)
  2 black bears
  A sky beast (D:6)
  3 orc warriors
  A lemure (D:8)
  5 kobold brigands (Bailey)
  2 bullfrogs
  Blork the orc (D:6)
  3 scorpions
  5 wights (D:7)
  Dowan (D:4)
  A howler monkey (D:6)
  A bombardier beetle (D:5)
  2 jellies
  An orc priest (D:7)
  2 hounds (D:5)
  A sleepcap (D:6)
  A gnoll bouda (D:7)
  3 iguanas
  6 orc wizards
  Natasha (twice) (D:2)
  A nameless horror (D:8)
  7 gnolls
  5 adders
  2 ufetubi (D:6)
  A dart slug (D:3)
  29 orcs
  3 endoplasms
  4 giant cockroaches
  3 hobgoblins
  3 jackals (D:3)
  A quokka (D:2)
  6 ball pythons
  3 bats
  4 frilled lizards
  2 goblins (D:3)
  16 kobolds
  A rat (D:1)
145 creatures vanquished.

Grand Total: 207 creatures vanquished

Table legend:
 A = Non-vault XP
 B = Vault XP
 C = Vault XP percentage of total XP
 D = Non-vault monster count
 E = Vault monster count
 F = Vault count percentage of total count
                 A         B        C        D         E       F
            +---------+---------+-------+---------+---------+-------
      Total |    4474 |    3774 |  45.8 |     159 |      45 |  22.1
            +---------+---------+-------+---------+---------+-------
        D:1 |      24 |       0 |   0.0 |      17 |       0 |   0.0
        D:2 |      78 |      55 |  41.4 |      19 |       6 |  24.0
        D:3 |      50 |     214 |  81.1 |      22 |       1 |   4.3
        D:4 |     313 |     385 |  55.2 |      18 |       4 |  18.2
        D:5 |     559 |       0 |   0.0 |      13 |       0 |   0.0
        D:6 |     678 |    1588 |  70.1 |      25 |      15 |  37.5
        D:7 |     884 |       0 |   0.0 |      25 |       0 |   0.0
        D:8 |    1888 |     629 |  25.0 |      20 |       1 |   4.8
     Bailey |       0 |     903 | 100.0 |       0 |      18 | 100.0
            +---------+---------+-------+---------+---------+-------

Skill      XL: |  1  2  3  4  5  6  7  8  9 10 |
---------------+-------------------------------+-----
Spellcasting   | 3 4 |  4.0
Summonings     | 5 6 8 10 12 13 | 13.8
Fire Magic     | 2 3 |  3.0
Air Magic      | 2 3 |  3.0
Dodging        | 3 6 |  6.2
Stealth        | |  2.6

Action                     |  1- 3 |  4- 6 |  7- 9 | 10-12 || total
---------------------------+-------+-------+-------+-------++-------
  Melee: Unarmed           |    19 |       |       |       ||    19
         Constrict         |    12 |    12 |    19 |    11 ||    54
         Tentacles         |    12 |     8 |    18 |    19 ||    57
         Staff             |    16 |    34 |    54 |    46 ||   150
   Cast: Summon Small Mamm |    34 |    13 |    13 |       ||    60
         Call Imp          |    10 |     9 |    18 |     3 ||    40
         Call Canine Famil |       |    22 |    51 |    18 ||    91
         Summon Blazeheart |       |       |     7 |    19 ||    26
         Summon Lightning  |       |       |     5 |    12 ||    17
  Evoke: Wand              |       |       |     7 |       ||     7
    Use: Scroll            |       |     6 |     9 |     1 ||    16
         Potion            |       |       |     4 |     2 ||     6
   Stab: Sleeping          |     1 |     2 |       |     1 ||     4
         Distracted        |     1 |     1 |       |       ||     2
 Armour: Skin              |    32 |    32 |    71 |    45 ||   180
  Dodge: Dodged            |    36 |    28 |    59 |    34 ||   157

Illustrated notes

Table legend:
 A = Kills in this place as a percentage of kills in the entire game.
 B = Kills by you in this place as a percentage of kills by you in the entire game.
 C = Kills by friends in this place as a percentage of kills by friends in the entire game.
 D = Other kills in this place as a percentage of other kills in the entire game.
 E = Experience gained in this place as a percentage of experience gained in the entire game.
 F = Experience gained in this place divided by the number of levels of this place that you have seen.
                   A       B       C       D       E      F
               +-------+-------+-------+-------+-------+----------------------
         Total | 100.0 | 100.0 | 100.0 |   N/A | 100.0 | 749.8
       Dungeon |  91.2 |  98.4 |  88.1 |   N/A |  89.1 | 816.1
        Bailey |   8.8 |   1.6 |  11.9 |   N/A |  10.9 | 903.0
               +-------+-------+-------+-------+-------+----------------------

Table legend: (Time is in decaauts)
 A = Elapsed time spent in this place.
 B = Non-inter-level travel time spent in this place.
 C = Inter-level travel time spent in this place.
 D = Time resting spent in this place.
 E = Time spent auto-exploring this place.
 F = Levels seen in this place.
 G = Mean time per level.
                   A        B        C        D        E       F      G
               +--------+--------+--------+--------+--------+-----+--------+
         Total |  11795 |  11480 |    315 |    342 |   8945 |  11 | 1072.3 |
       Dungeon |  11581 |  11275 |    306 |    342 |   8883 |   9 | 1286.8 |
        Temple |     19 |     10 |      9 |      0 |      0 |   1 |   19.0 |
        Bailey |    193 |    193 |      0 |      0 |     62 |   1 |  193.0 |
               +--------+--------+--------+--------+--------+-----+--------+

Top non-repeatable levels by time:
     D:6: 2253 daAuts
     D:1: 1624 daAuts
     D:8: 1597 daAuts
     D:4: 1474 daAuts
     D:7: 1454 daAuts
     D:3: 1227 daAuts
     D:2: 1024 daAuts
     D:5: 919 daAuts
  Bailey: 193 daAuts
  Temple: 19 daAuts
     D:9: 6 daAuts
